 Dungeon Crawl Stone Soup version 0.32-a0-870-g877066f4b4 (webtiles) character file.

Game seed: 4518713746889530814

19835 Wizop the Earth Mage (level 12, -5/81 HPs)
             Began as a Mountain Dwarf Earth Elementalist on Mar 15, 2024.
             Was an Initiate of Gozag.
             Slain by a komodo dragon (18 damage)
             ... on level 2 of the Lair of Beasts on Mar 29, 2024.
             The game lasted 00:38:54 (16630 turns).

Wizop the Earth Mage (MDEE)                        Turns: 16630, Time: 00:38:55

Health: -5/81      AC: 19    Str: 12    XL:     12   Next: 40%
Magic:  26/33      EV:  8    Int: 26    God:    Gozag
Gold:   2530       SH:  0    Dex: 12    Spells: 7/28 levels left

rFire   + . .        E - +8 shortbow "Waffuc" {heavy, Will+ Int+3 Dex+2}
rCold   . . .        (shield currently unavailable)
rNeg    . . .        H - +8 scale mail of the Catamount {Harm Rampage rPois Int+3}
rPois   +            C - +2 hat
rElec   .            y - +0 cloak
rCorr   .            (no gloves)
SInv    .            r - +1 pair of boots
Will    ++...        q - amulet of regeneration Stlth
                     T - ring of magical power
HPRegen 1.13/turn    a - ring of protection from fire
MPRegen 0.23/turn

%: harm (+30% outgoing, +20% incoming), rampage
@: no status effects
A: runic magic, artefact enchanting
a: Renounce Religion, Potion Petition, Call Merchant, Bribe Branch


You were on level 2 of the Lair of Beasts.
You worshipped Gozag.
Gozag was most pleased with you.
You visited 3 branches of the dungeon, and saw 16 of its levels.
You also visited: Bailey.

You collected 3447 gold pieces.
You spent 837 gold pieces at shops.
You paid 80 gold pieces to Gozag.

Inventory:

Hand Weapons
 d - a +0 dagger of speed
 i - the +5 whip of Trog {heavy, rElec rCorr Stlth+}
   (You found it on level 7 of the Dungeon)

   rElec:     It insulates you from electricity.
   rCorr:     It protects you from acid and corrosion.
   Stlth+:    It makes you more stealthy.
 o - a +3 dagger of electrocution
 E - the +8 shortbow "Waffuc" (weapon) {heavy, Will+ Int+3 Dex+2}
   (You found it on level 8 of the Dungeon)

   Int+3:     It affects your intelligence (+3).
   Dex+2:     It affects your dexterity (+2).
   Will+:     It increases your willpower.
Missiles
 m - 3 throwing nets
Armour
 n - a +2 robe of resistance
 r - a +1 pair of boots (worn)
 y - a +0 cloak (worn)
 A - a +0 plate armour
 C - a +2 hat (worn)
 F - a +0 chain mail of cold resistance
 H - the +8 scale mail of the Catamount (worn) {Harm Rampage rPois Int+3}
   (You took it off a gnoll sergeant in a bailey)

   Int+3:     It affects your intelligence (+3).
   rPois:     It protects you from poison.
   Harm:      It increases damage dealt and taken.
   Rampage:   It bestows one free step when moving towards enemies.
 S - a +0 helmet
Magical Staves
 l - a staff of air
Jewellery
 a - a ring of protection from fire (right hand)
 e - an amulet of magic regeneration
 q - an amulet of regeneration (around neck)
 s - a ring of willpower
 x - a +6 ring of strength
 R - a ring of fire
 T - a ring of magical power (left hand)
 W - a ring of resist corrosion
Wands
 c - a wand of roots (12)
 g - a wand of polymorph (21)
 u - a wand of paralysis (19)
 M - a wand of digging (5)
Scrolls
 f - 2 scrolls of noise
 j - 4 scrolls of teleportation
 z - 2 scrolls of enchant weapon
 B - 2 scrolls of enchant armour
 D - a scroll of blinking
 L - a scroll of torment
 N - 2 scrolls of vulnerability
 U - a scroll of fog
 V - 3 scrolls of identify
Potions
 b - 4 potions of magic
 h - 7 potions of curing
 k - 3 potions of attraction
 p - 4 potions of berserk rage
 t - 2 potions of resistance
 v - 2 potions of mutation
 w - a potion of degeneration {unknown}
 I - 2 potions of brilliance
 J - a potion of might
 K - 2 potions of heal wounds
 O - a potion of enlightenment {unknown}
 P - a potion of lignification
Miscellaneous
 G - a sack of spiders
 Q - a tin of tremorstones (2/2)


   Skills:
 - Level 2.4 Armour
 - Level 1.3 Dodging
 - Level 1.4 Stealth
 + Level 8.5 Spellcasting
 - Level 9.1 Conjurations
 - Level 15.1 Earth Magic
 * Level 5.7 Alchemy


You had 7 spell levels left.
You knew the following spells:

 Your Spells              Type           Power      Damage    Failure   Level
a - Sandblast             Erth           100%       2d20      0%          1
b - Passwall              Erth           74%        N/A       1%          3
c - Stone Arrow           Conj/Erth      100%       3d13      1%          3
d - Brom's Barrelling Bo  Conj/Erth      65%        2d8       1%          4
e - Petrify               Alch/Erth      60%        N/A       1%          4
f - Olgreb's Toxic Radia  Alch           41%        N/A       8%          4
g - Mercury Vapours       Alch/Air       52%        N/A       3%          2

Your spell library contained the following spells:

 Spells                   Type           Power      Damage    Failure   Level
 Sting                    Conj/Alch      100%       1d9       1%          1
 Leda's Liquefaction      Alch/Erth      30%        N/A       1%          4
 Slow                     Hex            44%        N/A       8%          1
 Lesser Beckoning         Tloc           22%        N/A       12%         2
 Confusing Touch          Hex            11%        N/A       24%         3
 Teleport Other           Tloc           11%        N/A       24%         3
 Vampiric Draining        Necr           11%        2d6       24%         3
 Summon Blazeheart Golem  Fire/Summ      11%        N/A       61%         4
 Orb of Destruction       Conj           27%        9d9       83%         7
 Metabolic Englaciation   Hex/Ice        5%         N/A       91%         5
 Spellforged Servitor     Conj/Summ      17%        N/A       100%        7


Dungeon Overview and Level Annotations

Branches:
Dungeon (13/15)            Temple (1/1) D:5            Lair (2/5) D:8
    Orc (0/2) D:10         Bailey (visited)
  Swamp: Lair:2-3    Shoals: Lair:2-3     Snake: Lair:2-3    Spider: Lair:2-3
 Vaults: D:13-14

Altars:
Ashenzari
Cheibriados
Dithmenos
Elyvilon
Fedhas
Gozag
Hepliaklqana
Kikubaaqudgha
Makhleb
Nemelex Xobeh
Okawaru
Qazlal
Ru
Sif Muna
Trog
Uskayaw
Vehumet
Wu Jian
Xom
Yredelemnul
Zin
The Shining One

Shops:
D:2 *   D:7 (   D:9 !


Innate Abilities, Weirdness & Mutations

Your spellcasting is much less encumbered by armour.
You can use scrolls of enchantment on lesser artefacts.


Message History

The blast of sand hits the yak!
You kill the yak!
The yak gores you!
Aiming: Sandblast (safe; 0% risk of failure)
Press: ? - help, Q - select action, (/) - cycle Shift-Dir - straight line, f - yak
Aim: a yak (91% to hit)
The blast of sand hits the yak!
The yak is heavily wounded.
The yak snorts and paws the ground.
The yak gores you but does no damage.
The komodo dragon bites you but does no damage.
Aiming: Sandblast (safe; 0% risk of failure)
Press: ? - help, Q - select action, (/) - cycle Shift-Dir - straight line, f/p - yak
Aim: a yak (heavily wounded, 91% to hit)
The blast of sand misses the yak.
The yak gores you but does no damage. The komodo dragon barely misses you.
The yak closely misses you.
Aiming: Sandblast (safe; 0% risk of failure)
Press: ? - help, Q - select action, (/) - cycle Shift-Dir - straight line, f/p - yak
Aim: a yak (heavily wounded, 91% to hit)
The blast of sand hits the yak.
The yak is severely wounded.
The komodo dragon bites you. The yak gores you. The komodo dragon bites you!
Aiming: Sandblast (safe; 0% risk of failure)
Press: ? - help, Q - select action, (/) - cycle Shift-Dir - straight line, f/p - yak
Aim: a yak (severely wounded, 91% to hit)
The blast of sand hits the yak.
The yak is severely wounded.
The yak gores you! The komodo dragon barely misses you.
The yak gores you but does no damage.
Aiming: Sandblast (safe; 0% risk of failure)
Press: ? - help, Q - select action, (/) - cycle Shift-Dir - straight line, f/p - yak
Aim: a yak (severely wounded, 91% to hit)
The blast of sand hits the yak.
The yak is almost dead.
The komodo dragon bites you!
* * * LOW HITPOINT WARNING * * *
The yak gores you but does no damage. The komodo dragon bites you!
You die...
Your body crumbles into a pile of gold.

#.. #...
###..#.
####......#
##.#.#.$..#
#.........#
#<.Y$..#
#..@l..#
#.#..####
####.# ###


You could see a komodo dragon and a yak.

Vanquished Creatures
  Erolcha (D:11)
  2 two-headed ogres (D:11)
  Amaemon (Lair:1)
  A flayed ghost (D:8)
  A deep elf pyromancer (D:12)
  A cyclops (D:11)
  Maurice (D:7)
  A manticore (D:11)
  An orange demon (Lair:1)
  A gargoyle (D:9)
  3 cane toads (Lair:1)
  A rime drake (Lair:1)
  3 komodo dragons
  3 kobold demonologists
  5 trolls
  A hornet (D:8)
  Prince Ribbit (D:5)
  Sigmund (D:2)
  2 shadows
  2 vampires (D:12)
  7 wraiths
  12 yaks
  A fire bat (D:8)
  2 basilisks (D:8)
  A steam dragon (D:8)
  2 acid dragons
  5 water moccasins
  3 ice beasts
  A sky beast (D:7)
  5 orc warriors
  9 wolves
  An ogre (D:7)
  2 centaurs
  4 bullfrogs
  4 kobold brigands
  5 scorpions
  8 gnoll sergeants
  10 wights
  3 killer bees (D:8)
  6 howler monkeys
  5 jellies
  4 hounds
  6 orc priests
  A sleepcap (D:4)
  7 gnoll boudas (Bailey)
  4 iguanas
  Ijyb (D:4)
  Natasha (twice) (D:3)
  22 orc wizards
  4 adders
  16 gnolls
  A river rat (D:4)
  4 ribbon worms
  52 orcs
  6 ball pythons
  13 bats
  4 endoplasms
  4 giant cockroaches
  8 goblins
  5 hobgoblins
  21 kobolds
  4 quokkas
  7 frilled lizards
  10 rats
335 creatures vanquished.

Vanquished Creatures (collateral kills)
  An orc priest (D:9)
1 creature vanquished.

Grand Total: 336 creatures vanquished

Notes
Turn   | Place    | Note
-------+----------+-------------------------------------------
     0 | D:1      | Wizop the Mountain Dwarf Earth Elementalist began the quest
                  | for the Orb.
     0 | D:1      | Reached XP level 1. HP: 14/14 MP: 3/3
   403 | D:1      | Reached XP level 2. HP: 20/20 MP: 2/4
   465 | D:1      | Reached skill level 4 in Earth Magic
   691 | D:1      | Found Cobav's Distillery.
  1215 | D:2      | Reached XP level 3. HP: 26/26 MP: 1/5
  1306 | D:2      | Noticed Sigmund
  1310 | D:2      | Killed Sigmund
  1311 | D:2      | Reached skill level 6 in Earth Magic
  1311 | D:2      | Reached XP level 4. HP: 33/33 MP: 2/6
  1311 | D:2      | Reached XP level 5. HP: 38/38 MP: 2/7
  1723 | D:2      | Found Beothruc's Assorted Antiques.
  1726 | D:2      | Reached skill level 7 in Earth Magic
  2128 | D:3      | Noticed Natasha
  2134 | D:3      | Killed Natasha
  2163 | D:3      | Found a faded altar of an unknown god.
  2517 | D:3      | Found a burning altar of Makhleb.
  2593 | D:3      | Reached XP level 6. HP: 40/45 MP: 6/8
  2693 | D:3      | Found a sparkling altar of Nemelex Xobeh.
  2804 | D:3      | Noticed Natasha
  2810 | D:3      | Killed Natasha
  2931 | D:4      | Noticed an ice beast
  2940 | D:4      | Killed an ice beast
  2941 | D:4      | Reached skill level 8 in Earth Magic
  3286 | D:4      | Reached XP level 7. HP: 50/50 MP: 1/9
  3573 | D:4      | Reached skill level 9 in Earth Magic
  3650 | D:4      | Found a shimmering blue altar of Sif Muna.
  3872 | D:4      | Noticed Ijyb
  3881 | D:4      | Killed Ijyb
  4331 | D:5      | Entered Level 5 of the Dungeon
  4365 | D:5      | Found a staircase to the Ecumenical Temple.
  4390 | Temple   | Entered the Ecumenical Temple
  4410 | Temple   | Became a worshipper of Gozag Ym Sagoz the Greedy
  4696 | D:5      | Reached skill level 10 in Earth Magic
  4808 | D:5      | Noticed Prince Ribbit
  4815 | D:5      | Killed Prince Ribbit
  4816 | D:5      | Reached XP level 8. HP: 57/57 MP: 6/10
  5124 | D:6      | Reached skill level 11 in Earth Magic
  5830 | D:6      | Reached skill level 12 in Earth Magic
  6373 | D:7      | Reached skill level 13 in Earth Magic
  6461 | D:7      | Identified the +5 whip of Trog {heavy, rElec rCorr Stlth+}
  6468 | D:7      | Found a broken altar of Ashenzari.
  6576 | D:7      | Reached XP level 9. HP: 62/62 MP: 9/11
  6578 | D:7      | Upgraded the game from 0.32-a0-711-g016ad743e0 to
                  | 0.32-a0-870-g877066f4b4
  6764 | D:7      | Found Baobagom's Antique Weapon Shoppe.
  7006 | D:7      | Noticed Maurice
  7009 | D:7      | Maurice stole the +5 whip of Trog {heavy, rElec rCorr
                  | Stlth+}
  7012 | D:7      | Killed Maurice
  7013 | D:7      | Reached skill level 14 in Earth Magic
  7062 | D:7      | Learned a level 3 spell: Passwall
  7066 | D:7      | Learned a level 3 spell: Stone Arrow
  7071 | D:7      | Learned a level 4 spell: Brom's Barrelling Boulder
  7351 | D:8      | Reached skill level 1 in Conjurations
  7781 | D:8      | Found a runed translucent door.
  7790 | D:8      | Reached skill level 5 in Conjurations
  7826 | D:8      | Found a bloodstained altar of Trog.
  7851 | D:8      | Found a shimmering altar of Xom.
  7877 | D:8      | Found a sparkling altar of Nemelex Xobeh.
  7880 | D:8      | Found a stormy altar of Qazlal.
  7922 | D:8      | Reached XP level 10. HP: 35/69 MP: 0/12
  8273 | D:8      | Found a basalt altar of Yredelemnul.
  8286 | D:8      | Paralysed by a hornet for 3 turns
  8485 | D:8      | Found a radiant altar of Vehumet.
  9270 | D:8      | Found a staircase to the Lair.
  9543 | D:8      | Noticed a flayed ghost
  9553 | D:8      | Killed a flayed ghost
  9558 | D:8      | Identified the +8 shortbow "Waffuc" {heavy, Will+ Int+3
                  | Dex+2}
  9698 | D:9      | Found an ornate altar of the Wu Jian Council.
  9750 | D:9      | Found a radiant altar of Vehumet.
  9818 | D:9      | Found a snail-covered altar of Cheibriados.
  9823 | D:9      | Found a basalt altar of Yredelemnul.
  9823 | D:9      | Found a glowing golden altar of the Shining One.
  9826 | D:9      | Found a shadowy altar of Dithmenos.
  9828 | D:9      | Found a hazy altar of Hepliaklqana.
  9873 | D:9      | Found a white marble altar of Elyvilon.
  9892 | D:9      | Reached skill level 1 in Armour
  9893 | D:9      | Noticed a gargoyle
 10059 | D:9      | Killed a gargoyle
 10168 | D:9      | Found a flagged portal.
 10177 | Bailey   | Entered a bailey
 10313 | Bailey   | Learned a level 4 spell: Petrify
 10332 | Bailey   | Reached skill level 1 in Alchemy
 10606 | Bailey   | Identified the +8 scale mail of the Catamount {Harm Rampage
                  | rPois Int+3}
 10669 | Bailey   | Reached XP level 11. HP: 68/74 MP: 11/15
 11150 | D:9      | Found Wosker's Distillery.
 11158 | D:9      | Bought 2 potions of magic for 176 gold pieces
 11158 | D:9      | Bought a potion of brilliance for 44 gold pieces
 11158 | D:9      | Bought a potion of might for 44 gold pieces
 11158 | D:9      | Bought a potion of heal wounds for 55 gold pieces
 11873 | D:10     | Entered Level 10 of the Dungeon
 12648 | D:10     | Reached skill level 15 in Earth Magic
 13001 | D:10     | Found a staircase to the Orcish Mines.
 13226 | D:11     | Noticed a two-headed ogre
 13244 | D:11     | Killed a two-headed ogre
 13449 | D:11     | Reached skill level 5 in Spellcasting
 13510 | D:11     | Learned a level 4 spell: Olgreb's Toxic Radiance
 13530 | D:11     | Noticed a two-headed ogre
 13534 | D:11     | Killed a two-headed ogre
 13535 | D:11     | Noticed Erolcha
 13541 | D:11     | Killed Erolcha
 13832 | D:11     | Reached skill level 5 in Alchemy
 13912 | D:11     | Found a hide-covered altar of Uskayaw.
 14001 | D:12     | Noticed a deep elf pyromancer
 14008 | D:12     | Killed a deep elf pyromancer
 14137 | D:12     | Reached XP level 12. HP: 81/81 MP: 15/22
 14694 | D:2      | Bought 2 potions of heal wounds for 280 gold pieces
 14694 | D:2      | Bought a scroll labelled WEGECA HUPHOIPT for 28 gold pieces
 14694 | D:2      | Bought a scroll of blinking for 210 gold pieces
 15000 | D:12     | Learned a level 2 spell: Mercury Vapours
 15628 | D:13     | Noticed a centaur warrior
 15633 | D:13     | Noticed a two-headed ogre
 15743 | Lair:1   | Entered Level 1 of the Lair of Beasts
 15744 | Lair:1   | Noticed Amaemon
 15755 | Lair:1   | Killed Amaemon
 16630 | Lair:2   | Slain by a komodo dragon

Illustrated notes

Levels and vault maps discovered:
D:1:      dpeg_arrival_rooms_c, layout_loops_corners, serial_shops,
          nicolae_shop_industrial_runoff, chequers_garden
D:2:      layout_loops_ring, serial_shops, shop, uniq_sigmund
D:3:      layout_basic, lemuel_tele_altar, lemuel_round_altar,
          hellmonk_ecumenical_altar_arch_garden, chequers_serial_rivers_small_b,
          uniq_natasha
D:4:      layout_cave_pods, mainiacjoe_overflow_cross_hatched,
          portal_sewer_entry_e, uniq_ijyb
D:5:      layout_loops_ring, temple_pool_b, nrook_mini_backslash,
          uniq_prince_ribbit1
D:6:      minmay_flawed_box, layout_loops_corners
D:7:      layout_basic, ashenzari_altar_1, serial_shops, shop,
          hangedman_decor_riveting, uniq_maurice
D:8:      due_megacathedral, layout_loops_ring, minmay_lair_entry_grove
D:9:      layout_roguey, mainiacjoe_overflow_24_doors,
          mainiacjoe_overflow_boulevard, minitemple, serial_shops,
          nicolae_shop_waterfront, enter_bailey_8
D:10:     layout_loops_ring, hiddenorc1_lemuel, hangedman_decor_growths,
          minivault_27, corexii_hall_statues_x,
          nicolae_concentric_dashed_squares_mild
D:11:     layout_rooms, nicolae_uskayaw_suspiria, uniq_erolcha
D:12:     layout_basic
D:13:     layout_stronghold, hangedman_vaults_entry_quadrant_bands,
          gauntlet_entry_generic
Temple:   hellmonk_temple_flake
Lair:1:   layout_misc_corridors, serial_bayou_shore_b, lemuel_fruit_tree,
          serial_bayou_shore_b, uniq_amaemon
Lair:2:   layout_concentric_octagons, mainiacjoe_shoals_entry_four_pools,
          lemuel_fruit_fields

Skill      XL: |  1  2  3  4  5  6  7  8  9 10 11 12 |
---------------+-------------------------------------+-----
Earth Magic    | 4 6 7 8 10 13 14 15 | 15.1
Conjurations   | 5 9 |  9.1
Spellcasting   | 3 6 8 |  8.5
Armour         | 2 |  2.4
Alchemy        | 2 5 |  5.7
Dodging        | |  1.3
Stealth        | |  1.4

Action                     |  1- 3 |  4- 6 |  7- 9 | 10-12 || total
---------------------------+-------+-------+-------+-------++-------
  Melee: Dagger            |     1 |     5 |     4 |     7 ||    17
         Unarmed           |     1 |       |       |       ||     1
   Fire: Shortbow          |       |       |       |   115 ||   115
   Cast: Sandblast         |    32 |    71 |   176 |   322 ||   601
         Brom's Barrelling |       |       |       |    29 ||    29
         Passwall          |       |       |       |     1 ||     1
         Olgreb's Toxic Ra |       |       |       |     5 ||     5
         Stone Arrow       |       |       |       |     1 ||     1
         Petrify           |       |       |       |     1 ||     1
         Mercury Vapours   |       |       |       |     1 ||     1
  Evoke: Wand              |       |       |       |     4 ||     4
    Use: Scroll            |       |       |    12 |    18 ||    30
         Potion            |       |       |     1 |     3 ||     4
   Stab: Sleeping          |       |       |     1 |       ||     1
 Armour: Robe              |     3 |    29 |    86 |    76 ||   194
         Plate armour      |       |       |       |   155 ||   155
         Scale mail        |       |       |       |   196 ||   196
  Dodge: Dodged            |     4 |    18 |    47 |   148 ||   217

Table legend: (Time is in decaauts)
 A = Elapsed time spent in this place.
 B = Non-inter-level travel time spent in this place.
 C = Inter-level travel time spent in this place.
 D = Time resting spent in this place.
 E = Time spent auto-exploring this place.
 F = Levels seen in this place.
 G = Mean time per level.
                   A        B        C        D        E       F      G
               +--------+--------+--------+--------+--------+-----+--------+
         Total |  17165 |  15560 |   1605 |   1411 |  11414 |  17 | 1009.7 |
       Dungeon |  15156 |  13594 |   1562 |   1040 |  10355 |  13 | 1165.8 |
        Temple |     31 |     11 |     20 |      0 |      9 |   1 |   31.0 |
          Lair |    924 |    902 |     22 |      0 |    734 |   2 |  462.0 |
        Bailey |   1052 |   1052 |      0 |    371 |    315 |   1 | 1052.0 |
               +--------+--------+--------+--------+--------+-----+--------+

Top non-repeatable levels by time:
     D:8: 2291 daAuts
     D:4: 1570 daAuts
     D:9: 1564 daAuts
     D:6: 1387 daAuts
     D:3: 1213 daAuts
    D:12: 1155 daAuts
    D:10: 1119 daAuts
  Bailey: 1052 daAuts
     D:2: 1045 daAuts
    D:11: 1018 daAuts
     D:7: 989 daAuts
     D:1: 981 daAuts
  Lair:1: 894 daAuts
     D:5: 768 daAuts
    D:13: 50 daAuts
